Map: Abyssal Reef LE

Players

Raze - Winner!

  • Race: Terran Terran
  • League: Grandmaster
  • Spawn Location: 5:00

Railgan

  • Race: Zerg Zerg
  • League: Grandmaster
  • Spawn Location: 11:00

VOD

Have the link to the VOD?

Description

Time

  • Played on: Feb. 25, 2017, 6:01 p.m.
  • Length: 15:38
Show
View Real Time Build Order
Export as new Build Order

Raze Terran - Winner!

Build Orders: MMM Bio 

Get SALT Encoding   

  12  0:00  SCV  
  13  0:12  SCV  
  14  0:17  Supply Depot  
  14  0:25  SCV  
  15  0:39  SCV  
  15  0:41  Barracks  
  16  0:45  Refinery  
  16  0:51  SCV  
  17  1:03  SCV  
  18  1:15  SCV  
  19  1:28  Barracks Reactor  
  19  1:29  Orbital Command  
  19  1:41  Command Center  
  19  1:52  Barracks  
  19  1:55  SCV  
  20  2:02  Supply Depot  
  20  2:06  Marine  
  21  2:08  Marine  
  21  2:11  SCV  
  23  2:21  Factory  
  23  2:24  SCV  
  23  2:28  Refinery  
  24  2:31  Marine  
  25  2:38  Marine  
  25  2:40  Barracks Tech Lab, SCV  
  27  2:49  Marine  
  28  2:52  SCV  
  28  2:56  Marine  
  28  2:57  Orbital Command  
  30  3:02  Stimpack  
  30  3:05  SCV  
  31  3:08  Marine  
  31  3:10  Marine  
  33  3:15  Marine  
  33  3:17  SCV  
  35  3:23  Starport  
  35  3:26  Factory Reactor  
  35  3:29  SCV  
  35  3:31  Marine  
  35  3:34  Marine  
  38  3:37  SCV  
  38  3:39  Marine  
  38  3:41  SCV  
  41  3:45  Supply Depot  
  41  3:48  Marine  
  41  3:50  Supply Depot  
  41  3:52  SCV  
  41  3:54  SCV  
  44  3:57  Marine  
  44  3:58  Marine  
  46  4:06  SCV x2  
  46  4:08  Medivac  
  50  4:10  Medivac  
  52  4:18  SCV  
  52  4:19  Supply Depot, SCV  
  52  4:20  Marine x3  
  57  4:30  Engineering Bay  
  57  4:33  Engineering Bay, SCV x2  
  57  4:37  Marine  
  57  4:38  Marine x2  
  62  4:45  SCV x2  
  64  4:46  Supply Depot  
  64  4:55  Marine x2  
  64  4:56  Marine  
  64  4:57  SCV x2  
  64  4:59  Terran Infantry Armor Level 1, Terran Infantry Weapons Level 1  
  69  5:03  Combat Shields  
  69  5:09  SCV  
  69  5:13  Marine x3  
  73  5:28  SCV x2  
  75  5:31  Marine x2, Command Center  
  75  5:32  Supply Depot  
  75  5:35  Supply Depot  
  77  5:42  Supply Depot  
  77  5:45  Marine  
  78  5:53  Marine, Medivac x2  
  78  5:54  Factory Reactor  
  78  5:56  Barracks  
  83  5:57  Barracks  
  83  6:03  Barracks  
  83  6:04  SCV x2  
  85  6:08  Marine, Supply Depot  
  86  6:12  Refinery  
  86  6:16  Refinery  
  86  6:17  Missile Turret  
  86  6:22  Missile Turret  
  86  6:23  Marine  
  87  6:27  Marine x2  
  87  6:29  SCV  
  88  6:45  Marine  
  88  6:46  Barracks Reactor  
  90  6:47  Barracks Reactor  
  90  6:48  Marine, Unknown  
  90  6:49  Unknown  
  90  6:58  Armory  
  90  6:59  Marine  
  92  7:01  Barracks Reactor  
  92  7:02  Marine, SCV x2  
  92  7:06  Marine  
  80  7:17  Marine  
  80  7:20  Marine, SCV x2  
  80  7:22  Marine  
  74  7:24  Marine  
  74  7:28  Marine, Orbital Command  
  70  7:32  Marine x2  
  70  7:33  Widow Mine x2  
  70  7:35  Medivac x2, Marine  
  79  7:38  Marine  
  79  7:40  Marine x2, SCV x2  
  79  7:42  Marine  
  81  7:46  Marine  
  81  7:48  Missile Turret  
  81  7:50  Marine, Sensor Tower  
  83  7:52  Marine x2  
  83  7:53  Marine  
  83  7:56  Marine, SCV x2  
  89  7:59  Terran Infantry Armor Level 2  
  89  8:04  Terran Infantry Weapons Level 2  
  89  8:08  SCV  
  89  8:09  SCV x2  
  89  8:10  Marine x2  
  89  8:11  Marine  
  89  8:12  Marine  
  96  8:13  Marine  
  96  8:21  Widow Mine x2, SCV x3  
  85  8:42  Marine  
  85  8:44  Marine  
  85  8:46  SCV x2  
  85  8:47  Marine x7  
  81  8:49  Widow Mine, SCV  
  83  8:58  SCV x2  
  83  9:00  Marine  
  83  9:01  SCV  
  83  9:02  Marine  
  87  9:05  Missile Turret, Marine x7  
  94  9:10  SCV x2  
  94  9:11  Medivac x2  
  94  9:13  SCV  
  101  9:18  Marine  
  101  9:20  Marine  
  101  9:22  Marine, Supply Depot, SCV  
  101  9:23  Marauder  
  101  9:24  Supply Depot  
  107  9:25  Marine  
  107  9:28  Supply Depot  
  108  9:36  Marine  
  99  9:39  Marine x5  
  99  9:40  Marine, Widow Mine  
  99  9:41  Medivac x2  
  99  9:43  Marine  
  99  9:44  Marine  
  113  9:53  Widow Mine  
  100  10:01  Marine  
  96  10:09  Widow Mine  
  96  10:10  Marine  
  96  10:11  Marine x7, Medivac x2  
  110  10:21  Widow Mine  
  110  10:26  Terran Infantry Weapons Level 3  
  110  10:27  Terran Infantry Armor Level 3  
  112  10:33  Marine x6  
  118  10:37  Widow Mine  
  118  10:41  Medivac x2  
  117  10:49  Marine x3  
  105  10:50  Marine  
  105  10:51  Marine x5  
  105  10:54  Widow Mine  
  113  11:05  Supply Depot  
  113  11:06  Marine, Widow Mine  
  116  11:17  Marine  
  116  11:18  Marine x6, Marauder, Concussive Shells  
  119  11:24  Marine  
  112  11:35  Marine  
  112  11:36  Marine x6  
  112  11:37  Widow Mine x2  
  112  11:39  Marine  
  104  11:42  Marine  
  95  11:53  Marine x5  
  95  11:54  Marine x2, Medivac x2  
  101  11:57  Marine  
  101  12:00  Marine  
  107  12:07  Liberator  
  107  12:09  Barracks  
  107  12:10  Command Center  
  107  12:11  Barracks, Marine x6  
  107  12:15  Widow Mine x2, Marauder  
  115  12:18  Marine x2  
  121  12:29  Marine x4  
  128  12:36  Marauder  
  130  12:44  Widow Mine x2  
  126  12:46  Marine x4  
  126  12:47  Marine x3  
  126  12:50  Medivac  
  126  12:51  Marine  
  140  12:58  Marauder  
  128  13:03  Barracks Tech Lab  
  128  13:04  Barracks Reactor, Marine  
  128  13:05  Marine x4  
  132  13:07  Medivac  
  132  13:13  Marine  
  132  13:17  Marine  
  132  13:19  Marauder  
  136  13:22  Marine, Marauder  
  139  13:27  Marine  
  130  13:40  Marauder  
  132  13:43  Marauder  
  132  13:44  Marine  
  132  13:45  Marine x3  
  138  13:48  Widow Mine  
  138  13:52  Missile Turret  
  138  13:54  Marine  
  141  14:02  Marauder  
  132  14:05  Marine, Marauder  
  132  14:09  Medivac x2  
  120  14:14  Marine x3  
  123  14:21  Marine  
  123  14:23  Marine, Marauder  
  115  14:26  Marauder  
  115  14:28  Marine x4  
  115  14:29  Widow Mine x2  
  117  14:32  Planetary Fortress  
  117  14:33  Missile Turret  
  117  14:36  Marine  
  117  14:37  Marine x2  
  108  14:41  Medivac, Marine  
  108  14:45  Marine x2, Marauder  
  110  14:46  Marine  
  110  14:52  Factory  
  113  14:58  Marine x5  
  113  14:59  Marauder  
  120  15:01  Hellbat  
  122  15:12  Marine, Sensor Tower  
  122  15:13  Marauder  
  125  15:17  Marine x2  
  125  15:18  Marine  
Show
View Real Time Build Order
Export as new Build Order

Railgan Zerg 

Build Orders: Pool First, Muta Ling Bane 

Get SALT Encoding   

  12  0:01  Drone  
  13  0:13  Overlord  
  13  0:17  Drone  
  14  0:31  Drone x2  
  16  0:35  Drone  
  17  0:45  Drone  
  18  0:51  Spawning Pool  
  18  0:56  Drone  
  18  1:12  Hatchery  
  18  1:14  Extractor  
  18  1:17  Drone  
  17  1:20  Drone  
  18  1:30  Drone  
  19  1:38  Queen  
  21  1:41  Zergling x2  
  22  1:49  Overlord  
  22  2:08  Drone  
  23  2:14  Queen  
  25  2:18  Drone, Metabolic Boost  
  26  2:23  Drone  
  26  2:24  Queen  
  26  2:29  Drone  
  30  2:40  Drone  
  30  2:41  Drone  
  32  2:44  Overlord  
  32  2:48  Drone x3  
  34  2:56  Drone  
  34  2:58  Lair  
  35  3:02  Overlord  
  35  3:04  Zergling x2  
  36  3:08  Drone  
  36  3:09  Extractor  
  36  3:13  Drone  
  37  3:20  Drone x2  
  39  3:28  Drone x2  
  39  3:30  Overlord  
  39  3:31  Drone x2  
  39  3:33  Drone x2  
  46  3:34  Drone  
  46  3:41  Drone  
  46  3:43  Drone  
  46  3:44  Extractor  
  47  3:52  Drone x2  
  49  3:57  Extractor  
  49  3:58  Spire, Overlord  
  47  4:04  Queen  
  47  4:05  Queen  
  47  4:08  Overseer  
  51  4:11  Drone  
  51  4:12  Drone x2  
  51  4:13  Drone  
  51  4:17  Zergling x4  
  57  4:19  Zergling x2  
  57  4:22  Overlord  
  58  4:28  Zergling x4  
  58  4:29  Zergling x4  
  62  4:35  Zergling x2  
  62  4:36  Zergling x4  
  62  4:37  Zergling x2  
  66  4:44  Zergling x2  
  67  4:52  Zergling x4  
  69  5:00  Overlord  
  69  5:09  Mutalisk  
  69  5:10  Mutalisk x2  
  69  5:13  Overlord  
  75  5:27  Overlord  
  75  5:33  Mutalisk x4  
  83  5:35  Overlord  
  83  5:43  Hatchery  
  83  5:44  Mutalisk  
  83  5:48  Evolution Chamber  
  83  5:49  Drone x3, Evolution Chamber  
  85  5:55  Baneling Nest, Mutalisk  
  85  5:56  Mutalisk  
  88  5:59  Mutalisk  
  90  6:04  Drone  
  90  6:11  Drone  
  92  6:12  Zerg Flyer Weapons Level 1  
  92  6:23  Zergling x4  
  92  6:24  Pneumatized Carapace  
  94  6:31  Overlord x2  
  94  6:33  Zergling x4  
  96  6:41  Centrifical Hooks  
  96  6:45  Baneling  
  96  6:46  Baneling x5  
  96  6:51  Zergling x16  
  104  6:57  Zergling x6  
  104  6:58  Zergling x2, Queen  
  73  7:24  Mutalisk  
  73  7:25  Mutalisk x3  
  73  7:28  Zergling x2  
  73  7:29  Zergling x18  
  89  7:32  Zerg Melee Weapons Level 1  
  89  7:42  Zergling x4  
  90  7:48  Drone x2  
  90  7:50  Zerg Ground Armor Level 1  
  92  7:52  Drone  
  92  7:53  Drone  
  94  7:58  Zergling x2  
  94  8:00  Baneling  
  94  8:01  Baneling x6  
  94  8:02  Zergling x6  
  94  8:04  Zergling x4  
  100  8:07  Zergling x2  
  100  8:10  Baneling x3  
  100  8:11  Zergling x6  
  100  8:12  Zergling x2  
  105  8:19  Baneling  
  105  8:20  Baneling x4, Zergling x2  
  102  8:39  Zergling x16  
  109  8:46  Zergling x14  
  102  8:50  Drone  
  101  8:58  Mutalisk x3  
  101  9:03  Baneling  
  101  9:04  Baneling x6  
  101  9:09  Overseer  
  101  9:12  Drone  
  101  9:13  Drone x2  
  101  9:16  Zergling x2  
  105  9:18  Zergling x2  
  106  9:24  Zergling x2  
  106  9:25  Zergling x14  
  106  9:26  Hatchery  
  106  9:27  Baneling  
  106  9:28  Baneling x7  
  113  9:33  Extractor  
  113  9:36  Extractor  
  113  9:38  Zergling x10  
  97  9:43  Zergling x4  
  97  9:44  Zergling x2  
  102  9:47  Baneling x4  
  102  9:51  Zergling x2  
  102  9:52  Zergling x12  
  101  10:02  Mutalisk  
  101  10:03  Mutalisk x2  
  101  10:05  Zergling x4  
  103  10:07  Drone  
  103  10:09  Drone  
  105  10:15  Baneling x5  
  105  10:17  Zergling x4  
  107  10:25  Baneling x5  
  107  10:26  Zergling x10  
  112  10:30  Overlord  
  112  10:31  Overseer  
  108  10:48  Zergling x14  
  106  10:52  Baneling x8  
  106  10:57  Mutalisk x2  
  106  11:00  Zergling x2  
  112  11:04  Zergling x12  
  112  11:11  Baneling x8  
  117  11:18  Zergling x10  
  114  11:20  Zergling x2  
  114  11:25  Overlord, Zergling x2  
  98  11:40  Zergling x12  
  98  11:46  Zergling x6  
  104  11:49  Baneling x3  
  104  11:50  Baneling x7  
  104  11:53  Baneling x2, Zergling x2  
  104  11:54  Zergling x2  
  104  11:55  Baneling  
  104  12:00  Overseer  
  104  12:02  Zergling x8  
  104  12:05  Baneling x2  
  108  12:11  Overlord  
  108  12:18  Overlord  
  108  12:19  Overseer  
  108  12:20  Mutalisk  
  108  12:21  Mutalisk x2  
  112  12:30  Mutalisk x3  
  112  12:36  Zergling x2  
  118  12:42  Zergling x8  
  118  12:43  Baneling  
  118  12:44  Baneling x7  
  114  12:45  Zergling x2  
  114  12:49  Zergling x2  
  116  12:51  Zergling x2  
  116  12:58  Zergling x4  
  110  13:01  Overseer  
  110  13:04  Zergling x12  
  103  13:26  Mutalisk x7  
  115  13:38  Baneling x4  
  115  13:39  Baneling x6  
  115  13:45  Mutalisk  
  115  13:47  Mutalisk  
  119  13:54  Zergling x4  
  121  13:56  Baneling x2  
  116  14:07  Zergling x12  
  109  14:13  Zergling x6  
  75  14:33  Mutalisk x2  
  77  14:45  Baneling x4  
  75  14:46  Zergling x8  
  75  14:47  Zergling x2  
  80  14:54  Zergling x4  
  82  15:00  Zergling x4  
  85  15:07  Zergling x8  
  85  15:08  Baneling  
  85  15:09  Baneling  
  85  15:12  Baneling x2  
  88  15:17  Baneling x6  
Tags
 
Add a new tag
Caveats
  • Supply blocks, unpowered buildings, or Contaminate may cause inaccurate times.
  • Supply counts are checked every 10 seconds.